 Dungeon Crawl Stone Soup version 0.18.1-8-gdd0e5ea (console) character file.

223 Kloppie the Skirmisher (level 5, -9/69 (70) HPs)
             Began as a Draconian Skald on June 7, 2016.
             Was an Initiate of Okawaru.
             Mangled by an orc warrior
             ... wielding a +0 trident
              (19 damage)
             ... on level 3 of the Dungeon.
             The game lasted 00:04:21 (2735 turns).

Kloppie the Skirmisher (Draconian Skald)            Turns: 2735, Time: 00:04:22

HP:   -9/69 (70)    AC:  7    Str: 20    XL:     5   Next: 66%
MP:   7/8           EV: 12    Int: 18    God:    Okawaru [......]
Gold: 63            SH:  0    Dex: 11    Spells: 2 memorised, 5 levels left

rFire  . . .     SeeInvis +     a - +0 hand axe
rCold  . . .     Gourm    .     (armour unavailable)
rNeg   . . .     Faith    .     (no shield)
rPois  .         Spirit   .     (helmet restricted)
rElec  .         Dismiss  .     d - +0 cloak
rCorr  .         Reflect  .     (no gloves)
SustAt .         Harm     .     m - +0 pair of boots
MR     .....                    (no amulet)
Stlth  ..........               r - ring of see invisible
                                f - +6 ring of intelligence

@: berserking, infused, very quick, not resistant to hostile enchantments,
extremely unstealthy
A: unfitting armour, cold-blooded, AC +5
a: Renounce Religion


You were on level 3 of the Dungeon.
You worshipped Okawaru.
Okawaru was noncommittal.
You were not hungry.

You visited 1 branch of the dungeon, and saw 3 of its levels.

You collected 63 gold pieces.

Inventory:

Hand Weapons
 a - a +0 hand axe (weapon)
Armour
 d - a +0 cloak (worn)
 m - a +0 pair of boots (worn)
Jewellery
 f - a +6 ring of intelligence (left hand)
 r - a ring of see invisible (right hand)
Scrolls
 k - 2 scrolls of remove curse
Potions
 i - a potion of degeneration {unknown}
 j - a potion of cancellation {unknown}
 l - a potion of cure mutation {unknown}
 o - 2 potions of brilliance {unknown}
 q - a potion of curing {unknown}
Books
 b - a book of Battle

   Spells                             Type                      Level
   a - Infusion                       Charms                       1
   b - Shroud of Golubria             Charms/Translocation         2
   c - Song of Slaying                Charms                       2
   d - Spectral Weapon                Hexes/Charms                 3
   e - Regeneration                   Charms/Necromancy            3
Comestibles
 c - a bread ration
 g - a meat ration
 h - 5 chunks of flesh


   Skills:
 + Level 4.3 Fighting
 + Level 3.8 Axes
 + Level 3.0 Dodging
 - Level 2.0 Spellcasting
 - Level 2.6 Charms


You had 5 spell levels left.
You knew the following spells:

 Your Spells              Type           Power        Failure   Level  Hunger
a - Infusion              Chrm           ##..         8%          1    #......
b - Song of Slaying       Chrm           ##......     12%         2    ###....


Dungeon Overview and Level Annotations

Branches:
Dungeon (3/15)

Altars:
Okawaru


Innate Abilities, Weirdness & Mutations

Your plain brown scales are hard (AC +5).
Your body does not fit into most forms of armour.
You are cold-blooded and may be slowed by cold attacks.


Message History

The orc wizard blinks!
The orc warrior hits you with a trident!
* * * LOW HITPOINT WARNING * * *
You barely miss the orc warrior.
The orc warrior is lightly wounded.
The orc warrior closely misses you.
An orc wizard comes into view. It is wielding a dagger.
You closely miss the orc warrior.
The orc warrior is lightly wounded.
The orc warrior hits you with a trident!
* * * LOW HITPOINT WARNING * * *
You barely miss the orc warrior.
You tail-slap the orc warrior, but do no damage.
The orc warrior is lightly wounded.
The orc warrior completely misses you.
Drink which item? (? for menu, Esc to quit)
A red film seems to cover your vision as you go berserk!
You feel yourself moving faster!
You feel mighty!
The orc warrior hits you with a trident!!
You die...

........... #.#
######...#) #.#
#...... #.#
##...#. #.#
##.##. ##.###
#.### oo.(# #.#
#o#.## ##'##
#@#..## ##...##
#.....# #.....#
####'## #......
#≈≈♣# ≈+......
#≈♣♣≈♣#♣≈#......
#≈ #♣≈♣≈♣##..(..
#♣ ♣≈≈≈♣ ♣#.....
♣≈♣≈♣# ≈#....#
#≈♣#♣≈♣♣≈#...##


You could see an orc warrior and 2 orc wizards.

Vanquished Creatures
  A necrophage (D:3)
  Natasha (twice) (D:2)
  An adder (D:2)
  An ooze (D:2)
  4 dart slugs (D:1)
  4 giant geckos
  An orc (D:3)
  4 giant cockroaches
  10 goblins
  6 hobgoblins
  7 jackals (D:1)
  2 ball pythons
  5 bats
  5 giant newts (D:1)
  3 kobolds (D:1)
  4 rats
60 creatures vanquished.

Notes
Turn   | Place    | Note
--------------------------------------------------------------
     0 | D:1      | Kloppie the Draconian Skald began the quest for the Orb.
     0 | D:1      | Reached XP level 1. HP: 17/17 MP: 3/3
   248 | D:1      | Reached XP level 2. HP: 12/25 MP: 0/5
   728 | D:1      | Reached XP level 3. HP: 30/30 MP: 6/6
   760 | D:1      | Reached skill level 3 in Fighting
  1427 | D:1      | Learned a level 2 spell: Song of Slaying
  1588 | D:2      | Noticed Natasha
  1602 | D:2      | Killed Natasha
  1602 | D:2      | Reached XP level 4. HP: 29/39 MP: 3/7
  1841 | D:2      | Found an iron altar of Okawaru.
  1852 | D:2      | Became a worshipper of Warmaster Okawaru
  2064 | D:2      | Noticed Natasha
  2074 | D:2      | Killed Natasha
  2461 | D:3      | Found a faded altar to an unknown god.
  2533 | D:3      | Noticed a necrophage
  2543 | D:3      | Killed a necrophage
  2543 | D:3      | Reached skill level 4 in Fighting
  2543 | D:3      | Reached XP level 5. HP: 43/46 MP: 1/8
  2728 | D:3      | Noticed an orc warrior
  2735 | D:3      | Mangled by an orc warrior

Skill      XL: |  1  2  3  4  5 |
---------------+----------------+-----
Fighting       | 3 4 |  4.3
Axes           | 3 |  3.8
Dodging        | 2 3 |  3.0
Spellcasting   | |  2.0
Charms         | |  2.6

Action                   |  1- 3 |  4- 6 || total
-------------------------+-------+-------++-------
Melee: Hand axe          |   151 |    68 ||   219
       Tailslap          |    11 |     6 ||    17
 Cast: Infusion          |     3 |     4 ||     7
  Use: Scroll            |       |     4 ||     4
       Potion            |       |     1 ||     1
 Stab: Sleeping          |     2 |       ||     2
  Eat: Chunk             |     2 |     4 ||     6
Armor: Skin              |    43 |    23 ||    66
Dodge: Dodged            |   128 |    38 ||   166
